 Dungeon Crawl Stone Soup version 0.29.0-7-g18a832c13a (webtiles) character file.

Game seed: 3853608091568761663

268 spiderkeys the Chiller (level 6, 0/44 HPs)
             Began as a Demonspawn Ice Elementalist on Sept 1, 2022.
             Was a Follower of Jiyva.
             Slain by a centaur (2 damage)
             ... on level 4 of the Dungeon.
             The game lasted 00:08:46 (4224 turns).

spiderkeys the Chiller (DsIE)                       Turns: 4224, Time: 00:08:46

Health: 0/44       AC:  2    Str:  9    XL:     6   Next: 1%
Magic:  9/10       EV: 12    Int: 18    God:    Jiyva [*.....]
Gold:   141        SH:  0    Dex: 13    Spells: 4/11 levels left

rFire   . . .      SeeInvis .     - Unarmed
rCold   . . .      Faith    .   (no shield)
rNeg    . . .      Spirit   .   a - +0 robe
rPois   .          Reflect  .   (helmet restricted)
rElec   .          Harm     .   (no cloak)
rCorr   .          Rampage  .   (no gloves)
Will    .....                   (no boots)
Stlth   ++........              (no amulet)
HPRegen 0.94/turn               Y - +4 ring of slaying
MPRegen 0.37/turn               L - ring of flight

@: attractive, flying
A: horns 1, weakness stinger 2
a: Renounce Religion


You were on level 4 of the Dungeon.
You worshipped Jiyva.
Jiyva was aware of your devotion.
You visited 1 branch of the dungeon, and saw 4 of its levels.
You also visited: Sewer.

You collected 141 gold pieces.


Innate Abilities, Weirdness & Mutations

You have a pair of small horns on your head.
You have a tail ending in a sharp stinger.


   Skills:
 * Level 2.2 Fighting
 + Level 2.5 Dodging
 - Level 3.0 Stealth
 * Level 2.0 Unarmed Combat
 - Level 3.0 Spellcasting
 - Level 4.3 Ice Magic


You had 4 spell levels left.
You knew the following spells:

 Your Spells              Type           Power      Damage    Failure   Level
f - Freeze                Ice            72%        1d9       2%          1
o - Ozocubu's Armour      Ice            18%        N/A       9%          3
r - Frozen Ramparts       Ice            36%        1d6       9%          3

Your spell library contained the following spells:

 Spells                   Type           Power      Damage    Failure   Level
 Slow                     Hex            8%         N/A       16%         1
 Confusing Touch          Hex            2%         N/A       43%         3
 Conjure Flame            Conj/Fire      2%         6-21      43%         3
 Ignite Poison            Fire/Tmut/Pois 2%         N/A       43%         3
 Vampiric Draining        Necr           2%         2d6       43%         3
 Hailstorm                Conj/Ice       10%        3d5       56%         4
 Sticky Flame             Conj/Fire      2%         2d3       85%         4

Inventory:

Hand Weapons
 f - a +2 whip of flaming
   (You found it on level 1 of the Dungeon)
Missiles
 e - 17 stones
 y - a throwing net {=f!f}
 C - 6 poisoned darts
Armour
 a - a +0 robe (worn)
 h - a +0 robe
   (You found it on level 1 of the Dungeon)
 l - a +0 ring mail
   (You found it on level 1 of the Dungeon)
 n - a +0 robe
   (You found it on level 1 of the Dungeon)
 s - a +0 ring mail
   (You took it off an orc on level 2 of the Dungeon)
 t - a +0 chain mail
   (You took it off an orc on level 2 of the Dungeon)
 w - a +0 chain mail
   (You took it off an orc on level 2 of the Dungeon)
 x - a +0 ring mail
   (You found it on level 2 of the Dungeon)
 D - a +0 robe
   (You found it on level 3 of the Dungeon)
 F - a +0 scale mail
   (You took it off an orc on level 3 of the Dungeon)
 G - a +0 chain mail
   (You took it off an orc on level 3 of the Dungeon)
Magical Staves
 m - a staff of earth {!a}
   (You found it on level 1 of the Dungeon)
Jewellery
 L - a ring of flight (right hand)
   (You found it on level 1 of the Dungeon)
 N - a ring of positive energy
   (You found it on level 3 of the Dungeon)
 Y - a +4 ring of slaying (left hand)
   (You found it on level 4 of the Dungeon)
Scrolls
 c - 2 scrolls of fear {unknown}
 g - 2 scrolls of identify {unknown}
 j - a scroll of magic mapping {unknown}
 k - 2 scrolls of teleportation {unknown}
 p - a scroll of enchant armour {unknown}
 r - a scroll of vulnerability {unknown}
 v - a scroll of summoning {unknown}
Potions
 b - 4 potions of magic
 d - 4 potions of attraction {!q}
 i - 2 potions of degeneration {unknown}
 o - a potion of curing {unknown}
 q - a potion of mutation {unknown}
 u - 2 potions of lignification {unknown}
 z - a potion of might {unknown}
 A - a potion of experience {unknown}
 B - a potion of cancellation {unknown}
 E - 2 potions of heal wounds {unknown}

Dungeon Overview and Level Annotations

Branches:
Dungeon (4/15) Zot: 20164   Sewer (visited)
 Temple: D:4-7

Altars:

..# #.### #..#
#J..#.=.........# ..#
#.#.+. ...)... .+ #.#
#.###.......o...#
######.####.8.8.8.8.#
#.........##.#ow.#.#
#.#####.##..##..o..#
#.##...##.c.#
#.##....##@#
#.##.##....#
#.##.##.####
#.##.##.# .....#..#
###)## ......†..#
#........# #........#


You could see a centaur, a worm and 3 orcs.


Message History

A kobold comes into view. It is wielding a +0 dagger.
A kobold is nearby!
The kobold shouts!
You hear a shout!
A ball python comes into view.
Found a stone staircase leading up.
The ball python hisses angrily.
The kobold hits you but does no damage.
You hit the kobold but do no damage. The kobold closely misses you.
You hit the kobold.
You kill the kobold!
You hit the ball python. The ball python barely misses you.
The ball python grabs you. The ball python constricts you.
The ball python bites you but does no damage.
The ball python constricts you.
You hit the ball python. Your headbutt misses the ball python.
You tail-slap the ball python.
You kill the ball python!
The hobgoblin hits you.
Things that are here:
a +0 dagger; a ball python corpse; a kobold corpse 😕 HP[-1]
You take 1 damage, and now have 37/38 hp.
You hit the hobgoblin.
Your tail-slap misses the hobgoblin.
The hobgoblin closely misses you. 😎 HP[+1]
Your hp is fully restored (38).
You hit the hobgoblin.
You kill the hobgoblin!
Your Unarmed Combat skill increases to level 2!
No target in view!
No target in view!
Jiyva says: Divide and consume!
You reach down and open the door. 2 orcs and a worm come into view.
There are monsters nearby!
There are monsters nearby!
An orc and a centaur come into view.
The orc is wielding a +0 short sword of draining.
The orc shouts! x2
An orc comes into view. It is wielding a +0 club.
There is an open door here.
Unknown command.
You start waiting.
An orc is nearby!
The orc hits you but does no damage.
You hit the orc.
You kill the orc!
You have reached level 6! 😎 HP[+6] MP[+1]
You now have 44 max hp (+6).
Your hp is fully restored (44).
Your mp is fully restored (10).
You closely miss the orc. You hit the orc. You headbutt the orc.
You kill the orc!
The centaur wields a +0 shortbow.
The centaur shoots an arrow.
The arrow hits you!
You hear a distant slurping noise.
The centaur shoots an arrow.
The arrow hits you!
* * * LOW HITPOINT WARNING * * *
You hear a shout! x2 😨 HP[-28]
You take 28 damage, and now have 16/44 hp.
MASSIVE DAMAGE!! (PAUSE)
The orc shouts!
An orc comes into view. It is wielding a +0 short sword.
The centaur unwields a +0 shortbow.
The centaur closely misses you. The centaur kicks you.
* * * LOW HITPOINT WARNING * * *
There is an open door, spattered with blood here.
Items here: )) [ †. 😨 HP[-2]
You take 2 damage, and now have 14/44 hp.
Unknown command.
You hit the centaur. The centaur barely misses you. The centaur kicks you.
* * * LOW HITPOINT WARNING * * *
😨 HP[-1]
You take 1 damage, and now have 13/44 hp.
Casting: Freeze (safe; 2% risk of failure)
Confirm with . or Enter, or press ? or * to list all spells.
Aiming: Freeze (safe; 2% risk of failure)
Press: ? - help, Shift-Dir - straight line, f - centaur
Aim: a centaur (lightly wounded)
You freeze the centaur. The centaur hits you.
* * * LOW HITPOINT WARNING * * *
The centaur kicks you.
* * * LOW HITPOINT WARNING * * *
You hear a distant slurping noise.
The centaur hits you.
* * * LOW HITPOINT WARNING * * *
The centaur kicks you.
* * * LOW HITPOINT WARNING * * *
😱 HP[-12] MP[-1]
You take 12 damage, and now have 1/44 hp.
MASSIVE DAMAGE!! (PAUSE)
You lost 1 mp, and now have 9/10 mp.
It was a potion of attraction.
You feel attractive to monsters. The centaur hits you.
You die...

Skill      XL: |  1  2  3  4  5 |
---------------+----------------+-----
Stealth        | 2 3 |  3.0
Dodging        | 2 |  2.5
Ice Magic      | 4 |  4.3
Spellcasting   | 3 |  3.0
Fighting       | 1 2 |  2.2
Unarmed Combat | 1 2 |  2.0

Action                   |  1- 3 |  4- 6 || total
-------------------------+-------+-------++-------
Melee: Unarmed           |    20 |    11 ||    31
       Whip              |    51 |    78 ||   129
       Tailslap          |     3 |    12 ||    15
       Headbutt          |     6 |    12 ||    18
Throw: Stone             |       |     6 ||     6
       Dart              |       |     1 ||     1
 Cast: Freeze            |    48 |    22 ||    70
       Ozocubu's Armour  |       |     1 ||     1
  Use: Potion            |       |     1 ||     1
 Stab: Sleeping          |       |     9 ||     9
Armor: Robe              |    35 |    15 ||    50
Dodge: Dodged            |    82 |    50 ||   132

Levels and vault maps discovered:
D:1:      matt_arrival_grand_opening, layout_basic,
          hellmonk_ecumenical_altar_pennies_from_heaven
D:2:      layout_basic
D:3:      layout_loops_corners, portal_sewer_entry_a
D:4:      nicolae_BIG_FREAKIN_CUBE, layout_rooms, dk_noncrumbling_3

Notes
Turn   | Place    | Note
-------+----------+-------------------------------------------
     0 | D:1      | spiderkeys the Demonspawn Ice Elementalist began the quest
                  | for the Orb.
     0 | D:1      | Reached XP level 1. HP: 13/13 MP: 3/3
     0 | D:1      | magus.rc [v1.11.3]
   171 | D:1      | Reached skill level 2 in Stealth
   425 | D:1      | Reached skill level 2 in Dodging
   425 | D:1      | You feel monstrous as your demonic heritage exerts itself.
   425 | D:1      | Discovered your monstrous ancestry.
   425 | D:1      | Gained mutation: You have a small tail. [demonic ancestry]
   425 | D:1      | Reached XP level 2. HP: 17/19 MP: 5/5
   911 | D:1      | Found a faded altar of an unknown god.
  1448 | D:1      | Gained mutation: You have a pair of small horns on your
                  | head. [demonic ancestry]
  1448 | D:1      | Reached XP level 3. HP: 21/24 MP: 6/6
  1660 | D:2      | Reached skill level 4 in Ice Magic
  1803 | D:2      | Learned a level 3 spell: Frozen Ramparts
  1807 | D:2      | Learned a level 3 spell: Ozocubu's Armour
  2262 | D:2      | Reached XP level 4. HP: 30/30 MP: 8/8
  2574 | D:3      | Found a glowing drain.
  2627 | Sewer    | Entered a sewer
  2758 | Sewer    | Reached skill level 3 in Spellcasting
  2772 | Sewer    | Reached skill level 3 in Stealth
  2931 | Sewer    | Found a viscous altar of Jiyva.
  2974 | Sewer    | Became a worshipper of Jiyva Jifofopp the Shapeless
  3110 | D:3      | You pick up a book of Debilitation and begin reading...
  3110 | D:3      | You add the spells Slow, Vampiric Draining and Confusing
                  | Touch to your library.
  3350 | D:3      | Reached * piety under Jiyva
  3893 | D:4      | Noticed a scorpion
  3902 | D:4      | Killed a scorpion
  3903 | D:4      | Reached skill level 1 in Fighting
  3903 | D:4      | Reached skill level 1 in Unarmed Combat
  3903 | D:4      | Gained mutation: You have a tail ending in a sharp stinger.
                  | [demonic ancestry]
  3903 | D:4      | Reached XP level 5. HP: 29/37 MP: 2/9
  3953 | D:4      | You add the spells Conjure Flame, Ignite Poison and Sticky
                  | Flame to your library.
  3977 | D:4      | Reached skill level 2 in Fighting
  4204 | D:4      | Reached skill level 2 in Unarmed Combat
  4211 | D:4      | Noticed a centaur
  4219 | D:4      | Reached XP level 6. HP: 44/44 MP: 10/10
  4223 | D:4      | HP: 9/44 [centaur (5)]
  4223 | D:4      | HP: 2/44 [centaur (6)]
  4224 | D:4      | Slain by a centaur

Vanquished Creatures
  2 scorpions (D:4)
  4 adders
  2 worms (D:2)
  A dart slug (D:2)
  11 orcs
  8 ball pythons
  7 endoplasms
  6 giant cockroaches
  6 hobgoblins
  3 jackals (D:2)
  6 kobolds
  2 quokkas
  10 bats
  6 frilled lizards
  8 goblins
  13 rats
95 creatures vanquished.

Vanquished Creatures (others)
  A jelly (D:4)
  2 gnolls (D:4)
  A giant cockroach (Sewer)
  A hobgoblin (D:4)
  A frilled lizard (Sewer)
  A rat (D:3)
7 creatures vanquished.

Grand Total: 102 creatures vanquished

Table legend:
 A = Non-vault XP
 B = Vault XP
 C = Vault XP percentage of total XP
 D = Non-vault monster count
 E = Vault monster count
 F = Vault count percentage of total count
                 A         B        C        D         E       F
            +---------+---------+-------+---------+---------+-------
      Total |     338 |      46 |  12.0 |      72 |      23 |  24.2
            +---------+---------+-------+---------+---------+-------
        D:1 |      43 |       0 |   0.0 |      27 |       0 |   0.0
        D:2 |      64 |       0 |   0.0 |      23 |       0 |   0.0
        D:3 |      33 |      19 |  36.5 |      10 |       5 |  33.3
        D:4 |     198 |       0 |   0.0 |      12 |       0 |   0.0
      Sewer |       0 |      27 | 100.0 |       0 |      18 | 100.0
            +---------+---------+-------+---------+---------+-------

Illustrated notes

Table legend:
 A = Kills in this place as a percentage of kills in entire the game.
 B = Kills by you in this place as a percentage of kills by you in the entire game.
 C = Kills by friends in this place as a percentage of kills by friends in the entire game.
 D = Other kills in this place as a percentage of other kills in the entire game.
 E = Experience gained in this place as a percentage of experience gained in the entire game.
 F = Experience gained in this place divided by the number of levels of this place that you have seen.
                   A       B       C       D       E      F
               +-------+-------+-------+-------+-------+----------------------
         Total | 100.0 | 100.0 |   N/A |   N/A | 100.0 |  76.8
       Dungeon |  81.1 |  81.1 |   N/A |   N/A |  93.0 |  89.2
         Sewer |  18.9 |  18.9 |   N/A |   N/A |   7.0 |  27.0
               +-------+-------+-------+-------+-------+----------------------

Table legend: (Time is in decaauts)
 A = Elapsed time spent in this place.
 B = Non-inter-level travel time spent in this place.
 C = Inter-level travel time spent in this place.
 D = Time resting spent in this place.
 E = Time spent auto-exploring this place.
 F = Levels seen in this place.
 G = Mean time per level.
                   A        B        C        D        E       F      G
               +--------+--------+--------+--------+--------+-----+--------+
         Total |   4262 |   4164 |     98 |    612 |   2763 |   5 |  852.4 |
       Dungeon |   3835 |   3737 |     98 |    484 |   2656 |   4 |  958.8 |
         Sewer |    427 |    427 |      0 |    128 |    106 |   1 |  427.0 |
               +--------+--------+--------+--------+--------+-----+--------+

Top non-repeatable levels by time:
     D:1: 1646 daAuts
     D:3: 968 daAuts
     D:2: 878 daAuts
   Sewer: 427 daAuts
     D:4: 341 daAuts
